 Dungeon Crawl Stone Soup version 0.29-a0-275-g389c0b56f3 (webtiles) character file.

Game seed: 718245708094675808

291 Morbidden the Conjurer (level 6, -1/55 HPs)
             Began as a Troll Conjurer on Mar 11, 2022.
             Slain by an ogre
             ... wielding a +0 giant club
              (33 damage)
             ... on level 4 of the Dungeon.
             The game lasted 00:07:19 (3095 turns).

Morbidden the Conjurer (Troll Conjurer)             Turns: 3095, Time: 00:07:19

Health: -1/55      AC:  4    Str: 16    XL:     6   Next: 10%
Magic:  8/8        EV:  9    Int: 16    God:
Gold:   81         SH:  0    Dex:  8    Spells: 5/9 levels left

rFire   . . .      SeeInvis .     - Unarmed
rCold   . . .      Faith    .   (no shield)
rNeg    . . .      Spirit   .   a - +0 robe
rPois   .          Reflect  .   (helmet restricted)
rElec   .          Harm     .   (no cloak)
rCorr   .          Rampage  .   (gloves unavailable)
Will    .....                   (boots unavailable)
Stlth   +.........              h - amulet of magic regeneration
HPRegen 0.98/turn               (no ring)
MPRegen 0.51/turn               (no ring)

@: no status effects
A: large, unfitting armour, claws 3, regeneration 1, shaggy fur 1, tough skin 1
a: no special abilities


You were on level 4 of the Dungeon.
You visited 1 branch of the dungeon, and saw 6 of its levels.

You collected 213 gold pieces.
You spent 132 gold pieces at shops.

Inventory:

Missiles
 g - 6 boomerangs (quivered)
 q - 5 poisoned darts
Armour
 a - a +0 robe (worn)
Jewellery
 h - an amulet of magic regeneration (around neck)
 k - a +6 ring of dexterity
Scrolls
 c - a scroll of blinking
 d - a scroll of identify
 i - 2 scrolls of enchant armour {unknown}
 j - a scroll of fear {unknown}
 l - a scroll of summoning {unknown}
 m - a scroll of magic mapping
 n - 2 scrolls of amnesia {unknown}
Potions
 b - a potion of magic
 e - a potion of resistance {unknown}
 f - 4 potions of cancellation {unknown}
 o - a potion of mutation {unknown}
 p - a potion of heal wounds {unknown}


   Skills:
 * Level 1.2 Fighting
 + Level 1.9 Dodging
 + Level 1.1 Stealth
 * Level 2.2 Unarmed Combat
 * Level 2.1 Spellcasting
 * Level 3.7 Conjurations
 * Level 1.7 Fire Magic


You had 5 spell levels left.
You knew the following spells:

 Your Spells              Type           Power      Damage    Failure   Level
a - Magic Dart            Conj           52%        1d5       4%          1
b - Searing Ray           Conj           26%        2d5       7%          2
z - Foxfire               Conj/Fire      40%        2x1d6     7%          1

Your spell library contained the following spells:

 Spells                   Type           Power      Damage    Failure   Level
 Conjure Flame            Conj/Fire      10%        6-21      21%         3
 Dazzling Flash           Conj/Hex       14%        N/A       28%         3
 Call Imp                 Summ           1%         N/A       30%         2
 Mephitic Cloud           Conj/Pois/Air  5%         N/A       36%         3
 Inner Flame              Hex/Fire       4%         N/A       41%         3
 Flame Wave               Conj/Fire      10%        2d5       54%         4
 Fulminant Prism          Conj/Hex       3%         3d6       67%         4
 Iskenderun's Mystic Bla  Conj/Tloc      7%         2d4       67%         4


Dungeon Overview and Level Annotations

Branches:
Dungeon (6/15)
 Temple: D:4-7

Altars:
Nemelex Xobeh
Uskayaw

Shops:
D:3 ?

Annotations:
D:3 1 runed translucent door, Crazy Yiuf
D:5 Grinder


Innate Abilities, Weirdness & Mutations

You are too large for most types of armour.
You have claws for hands.
Your natural rate of healing is unusually fast.
You are covered in fur. (AC +1)
You have tough skin. (AC +1)


Message History

Key pressed, stopping explore.
Casting: Magic Dart (safe; 4% risk of failure)
Confirm with . or Enter, or press ? or * to list all spells.
You can't see any susceptible monsters within range! (Use Z to cast anyway.)
Casting: Magic Dart (safe; 4% risk of failure)
Confirm with . or Enter, or press ? or * to list all spells.
You can't see any susceptible monsters within range! (Use Z to cast anyway.) Unknown command.
Unknown command.
You see here a hobgoblin corpse.
A frilled lizard comes into view.
A frilled lizard is nearby!
Casting: Magic Dart (safe; 4% risk of failure)
Confirm with . or Enter, or press ? or * to list all spells.
Aiming: Searing Ray (safe; 7% risk of failure)
Press: ? - help, Shift-Dir - straight line, f - frilled lizard
Aim: a frilled lizard (asleep, 100% to hit)
The searing ray hits the frilled lizard.
You kill the frilled lizard! (Press . to maintain the ray.) As you open the door, it creaks loudly!
There is an open door here.
Unknown command.
Could not explore, unopened runed door.
Press: ? - help, v - describe, . - travel
Here: Crazy Yiuf, wielding a +2 quarterstaff of chaos, wearing a +0 cloak and carrying a wand of digging (6) (fire blocked by a runed translucent door)
The floor.
You see here a +0 mace.
There is an open door here.
There is a stone staircase leading down here.
You climb downwards.
The ogre hits you with a +0 giant club!!
The goblin hits you but does no damage.
There is a stone staircase leading up, spattered with blood here.
Unknown command.
The goblin hits you with a +0 club. The ogre attacks as you move away!
The ogre hits you with a +0 giant club!!
Ouch! That really hurt!
You die...

♣ ##....# #.......#
..###.....###......#
♣.........##.....#
♣♣.......#.##.....#
♣P......>.........#
...........##.....###
♣♣♣.........#.......#
♣.......#.#.......#.
♣♣......#..@O.........
♣.........g..#####.##
♣......###.#### .##
P....... #..# ..# ....
##.########.# .....
#.##..g..#.#
#...#g#..###...#
#.....##.##..##
###..##^..##g.##


You could see an ogre and a goblin.

Vanquished Creatures
  A phantom (D:4)
  A wight (D:6)
  A hound (D:4)
  Terence (D:3)
  An orc wizard (D:6)
  An adder (D:3)
  2 worms
  3 dart slugs
  7 orcs
  6 ball pythons
  2 endoplasms
  A giant cockroach (D:1)
  6 goblins
  7 hobgoblins
  2 jackals (D:3)
  3 bats
  4 frilled lizards
  7 kobolds
  5 rats
61 creatures vanquished.

Vanquished Creatures (collateral kills)
  A foxfire (D:1)
1 creature vanquished.

Vanquished Creatures (others)
  127 foxfires
  3 plants (D:4)
130 creatures vanquished.

Grand Total: 192 creatures vanquished

Notes
Turn   | Place    | Note
-------+----------+-------------------------------------------
     0 | D:1      | Morbidden the Troll Conjurer began the quest for the Orb.
     0 | D:1      | Reached XP level 1. HP: 16/16 MP: 1/1
    67 | D:1      | Reached skill level 3 in Conjurations
   121 | D:1      | Learned a level 1 spell: Foxfire
   195 | D:1      | Reached XP level 2. HP: 23/24 MP: 2/2
   223 | D:1      | Found a faded altar of an unknown god.
  1133 | D:2      | Reached skill level 1 in Unarmed Combat
  1151 | D:2      | Reached XP level 3. HP: 29/31 MP: 2/4
  1761 | D:3      | You fall into a shaft and drop 3 floors!
  1776 | D:6      | Noticed a wight
  1783 | D:6      | Killed a wight
  1784 | D:6      | Reached skill level 1 in Fire Magic
  1784 | D:6      | Reached XP level 4. HP: 40/40 MP: 2/5
  1825 | D:5      | Entered Level 5 of the Dungeon
  1825 | D:5      | Noticed Grinder
  1915 | D:4      | Noticed a phantom
  1927 | D:5      | Noticed an ice beast
  1945 | D:4      | Killed a phantom
  1946 | D:4      | Reached skill level 1 in Fighting
  1946 | D:4      | Reached XP level 5. HP: 35/48 MP: 1/6
  2007 | D:4      | Found a sparkling altar of Nemelex Xobeh.
  2019 | D:4      | Noticed an ogre
  2070 | D:3      | Found Uliezag's Magic Scroll Boutique.
  2088 | D:3      | Bought a scroll of blinking for 90 gold pieces
  2092 | D:3      | Bought a scroll of magic mapping for 42 gold pieces
  2564 | D:3      | Noticed Terence
  2577 | D:3      | Killed Terence
  2578 | D:3      | Reached XP level 6. HP: 55/55 MP: 3/8
  2581 | D:3      | Learned a level 2 spell: Searing Ray
  2630 | D:3      | Found a hide-covered altar of Uskayaw.
  2936 | D:3      | Found a runed translucent door.
  2937 | D:3      | Noticed Crazy Yiuf
  3095 | D:4      | Slain by an ogre

Illustrated notes

Levels and vault maps discovered:
D:1:      evilmike_arrival_plus, layout_loops_ring,
          shapermc_ecumenical_altar_gd, st_stairs_9
D:2:      layout_basic
D:3:      layout_loops_corners, mainiacjoe_overflow_24_doors, serial_shops,
          shop_statue, uniq_terence, uniq_crazy_yiuf_cottage
D:4:      wad_woods_settlement, layout_rooms,
          nzn_overflow_gifts_of_might_and_magic, nemelex_spade_bored_becter,
          gammafunk_temple_overflow_elements, hex_medium, minmay_mini_ossuary
D:5:      layout_basic, mainiacjoe_overflow_surrounded_room,
          ebering_ghost_disaster_area, uniq_grinder
D:6:      layout_gridville, minmay_temple_entry_stoned_glass, uniq_pikel

Skill      XL: |  1  2  3  4  5 |
---------------+----------------+-----
Conjurations   | 3 |  3.7
Unarmed Combat | 1 2 |  2.2
Fire Magic     | 1 |  1.7
Fighting       | 1 |  1.2
Spellcasting   | 2 |  2.1
Dodging        | |  1.9
Stealth        | |  1.1

Action                   |  1- 3 |  4- 6 || total
-------------------------+-------+-------++-------
Melee: Unarmed           |    69 |     4 ||    73
 Cast: Foxfire           |     8 |    69 ||    77
       Magic Dart        |    36 |    22 ||    58
       Searing Ray       |       |     6 ||     6
  Use: Scroll            |     2 |       ||     2
Armor: Robe              |    33 |     7 ||    40
Dodge: Dodged            |    27 |    13 ||    40

Table legend: (Time is in decaauts)
 A = Elapsed time spent in this place.
 B = Non-inter-level travel time spent in this place.
 C = Inter-level travel time spent in this place.
 D = Time resting spent in this place.
 E = Time spent auto-exploring this place.
 F = Levels seen in this place.
 G = Mean time per level.
                   A        B        C        D        E       F      G
               +--------+--------+--------+--------+--------+-----+--------+
         Total |   3095 |   2994 |    101 |      8 |   2444 |   6 |  515.8 |
       Dungeon |   3095 |   2994 |    101 |      8 |   2444 |   6 |  515.8 |
               +--------+--------+--------+--------+--------+-----+--------+

Top non-repeatable levels by time:
     D:3: 1178 daAuts
     D:2: 876 daAuts
     D:1: 743 daAuts
     D:4: 133 daAuts
     D:5: 90 daAuts
     D:6: 73 daAuts
